 Dungeon Crawl Stone Soup version 0.30-a0-916-g98134172ad (webtiles) character file.

Game seed: 16888511580428850851

1985 112233 the Tainter (level 9, -3/59 HPs)
             Began as an Octopode Venom Mage on Mar 20, 2023.
             Was a Follower of Vehumet.
             Splashed by a jelly's acid (10 damage)
             ... on level 6 of the Dungeon.
             The game lasted 00:10:22 (10243 turns).

112233 the Tainter (Octopode Venom Mage)           Turns: 10243, Time: 00:10:23

Health: -3/59      AC: -7    Str: 10    XL:     9   Next: 21%
Magic:  3/27       EV: 19    Int: 25    God:    Vehumet [*.....]
Gold:   299        SH:  5    Dex: 10    Spells: 10/20 levels left

rFire   . . .      SeeInvis +    F - +0 hand axe
rCold   . . .      Faith    .    (no shield)
rNeg    . . .      Spirit   .    (helmet restricted)
rPois   +          Reflect  +    B - amulet of Giot {Reflect Str+3 Int+4 Dex-3 SH+5 SInv}
rElec   .          Rampage  .    g - ring of magical power
rCorr   .                        k - +5 ring of evasion
Will    .....                    y - ring of poison resistance
Stlth   +++                      (no ring)
HPRegen 0.29/turn                (no ring)
MPRegen 0.20/turn                (no ring)
                                 (no ring)
                                 (no ring)

@: corroded
A: almost no armour, amphibious, 8 rings, camouflage 1, gelatinous body 1,
(nimble swimmer 1), tentacles
a: Renounce Religion


You were on level 6 of the Dungeon.
You worshipped Vehumet.
Vehumet was aware of your devotion.
You visited 2 branches of the dungeon, and saw 9 of its levels.
You also visited: Sewer and Ossuary.

You collected 299 gold pieces.

Inventory:

Hand Weapons
 F - a +0 hand axe (weapon)
Missiles
 C - 2 throwing nets
Armour
 z - a +0 kite shield
Jewellery
 g - a ring of magical power (left tentacle)
 k - a +5 ring of evasion (right tentacle)
 q - an amulet of the acrobat
 y - a ring of poison resistance (on tentacle)
 B - the amulet of Giot (around mantle) {Reflect Str+3 Int+4 Dex-3 SH+5 SInv}
   (You found it on level 6 of the Dungeon)

   [amulet of reflection]

   It reflects blocked missile attacks.
   Str:       It affects your strength (+3).
   Int:       It affects your intelligence (+4).
   Dex:       It affects your dexterity (-3).
   SInv:      It lets you see invisible.
   SH:        It affects your SH (+5).
Wands
 r - a wand of paralysis (9)
 x - a wand of flame (10)
 D - a wand of digging (3)
Scrolls
 c - 2 scrolls of amnesia {unknown}
 e - 15 scrolls of identify {unknown}
 f - 2 scrolls of noise
 h - 2 scrolls of silence {unknown}
 i - 2 scrolls of vulnerability {unknown}
 j - 5 scrolls of teleportation
 l - a scroll of fog {unknown}
 t - 2 scrolls of enchant weapon {unknown}
 u - a scroll of torment {unknown}
 v - 2 scrolls of blinking {unknown}
 G - a scroll of enchant armour {unknown}
Potions
 a - 4 potions of might
 d - a potion of attraction
 m - 2 potions of flight
 n - 4 potions of curing
 o - a potion of degeneration {unknown}
 p - 2 potions of mutation {unknown}
 s - a potion of invisibility {unknown}
 w - 4 potions of brilliance {unknown}
 A - a potion of lignification {unknown}
 E - a potion of haste


   Skills:
 + Level 4.7 Fighting
 + Level 5.2 Dodging
 - Level 2.6 Stealth
 + Level 6.4 Spellcasting
 + Level 1.7 Conjurations
 - Level 1.0 Transmutations
 - Level 8.4 Poison Magic


You had 10 spell levels left.
You knew the following spells:

 Your Spells              Type           Power      Damage    Failure   Level
a - Sting                 Tmut/Pois      100%       1d8       1%          1
b - Poisonous Vapours     Pois/Air       58%        N/A       1%          2
c - Olgreb's Toxic Radia  Pois           50%        N/A       2%          4
d - Mephitic Cloud        Conj/Pois/Air  25%        N/A       5%          3

Your spell library contained the following spells:

 Spells                   Type           Power      Damage    Failure   Level
 Magic Dart               Conj           64%        1d6       3%          1
 Cigotuvi's Dreadful Rot  Necr/Pois/Air  44%        N/A       3%          2


Dungeon Overview and Level Annotations

Branches:
Dungeon (8/15)             Temple (1/1) D:6           Sewer (visited)
Ossuary (visited)
   Lair: D:8-11

Altars:
Cheibriados
Dithmenos
Elyvilon
Hepliaklqana
Makhleb
Nemelex Xobeh
Okawaru
Qazlal
Ru
Sif Muna
Trog
Uskayaw
Vehumet
Xom
Yredelemnul
Zin
The Shining One

Shops:
D:3 ![([

Annotations:
D:4 2 transporters, M4edhros's ghost, novice OpAr
D:5 2 runed translucent doors, exclusion: 2 downstairs


Innate Abilities, Weirdness & Mutations

You cannot wear most types of armour.
You are amphibious.
You can wear up to eight rings at the same time.
Your skin changes colour to match your surroundings (Stealth+).
Your rubbery body absorbs attacks. (AC +1, EV +1)
((You are camouflaged when in or above water. (Stealth+)))
You have tentacles for arms and can constrict up to eight enemies at once.


Message History

Aim: a jelly (moderately wounded, poisoned, 100% to hit)
The sting hits the jelly.
The jelly looks even sicker.
The jelly is moderately wounded.
The jelly closely misses you.
Unknown command.
Casting: Sting (safe; 1% risk of failure)
Confirm with . or Enter, or press ? or * to list all spells.
Aiming: Sting (safe; 1% risk of failure)
Press: ? - help, Shift-Dir - straight line, f/p - jelly
Aim: a jelly (moderately wounded, very poisoned, 100% to hit)
The sting hits the jelly.
The jelly partially resists.
The jelly is heavily wounded.
The jelly closely misses you.
Unknown command.
You barely miss the jelly.
The jelly is heavily wounded.
The jelly hits you. The acid corrodes you!
You are splashed with acid!
* * * LOW HITPOINT WARNING * * *
Unknown command.
The jelly attacks as you move away! The jelly closely misses you.
The jelly attacks as you move away! The jelly completely misses you.
An orc comes into view. It is wielding a +0 short sword.
The jelly attacks as you move away! You block the jelly's attack.
An orc comes into view. It is wielding a +0 dagger.
Casting: Sting (safe; 1% risk of failure)
Confirm with . or Enter, or press ? or * to list all spells.
Aiming: Sting (safe; 1% risk of failure)
Press: ? - help, Shift-Dir - straight line, f/p - jelly
Aim: a jelly (heavily wounded, poisoned, 100% to hit)
The sting hits the jelly.
The jelly partially resists.
The jelly is severely wounded.
The orc shouts! x3
The jelly hits you.
* * * LOW HITPOINT WARNING * * *
You are splashed with acid!
* * * LOW HITPOINT WARNING * * *
You feel better. The jelly hits you.
* * * LOW HITPOINT WARNING * * *
You are splashed with acid!
You die...

.....#.....#...#
#........#
...#.#######..##
#........# .K.#.
.....## #.#+#####..#
#....#####+#.# ....
#....##......# ....
.. #....##......# ...
)..#....##......#..
......).##.........
..........J@..#...
.)....#.........o..
<.....'........#....
......#...>....#.....
###...#........# #..
#.......o... #..
#.........## #.
#.........#
#...........


You could see a jelly (poisoned) and 2 orcs.

Vanquished Creatures
  A hornet (D:6)
  A wyvern (D:7)
  2 yaks (D:7)
  2 black bears (D:5)
  An ice beast (D:5)
  An ogre (D:5)
  A centaur (D:7)
  A phantom (D:5)
  A bullfrog (D:7)
  2 kobold brigands
  A scorpion (D:5)
  5 hounds
  A human zombie (Ossuary)
  A gnoll bouda (D:3)
  An orc priest (D:4)
  A jelly (D:5)
  An iguana (D:6)
  2 sleepcaps
  A mummy (Ossuary)
  11 gnolls
  4 adders
  A river rat (Sewer)
  2 shadow imps
  A worm (D:3)
  A dart slug (D:1)
  11 orcs
  9 endoplasms
  4 giant cockroaches
  4 goblins
  7 hobgoblins
  6 jackals
  11 kobolds
  3 quokkas
  6 ball pythons
  3 bats
  3 frilled lizards
  4 goblin zombies (Ossuary)
  2 hobgoblin zombies (Ossuary)
  2 kobold zombies (Ossuary)
  A quokka zombie (D:6)
  8 rats
  A rat zombie (D:6)
132 creatures vanquished.

Notes
Turn   | Place    | Note
-------+----------+-------------------------------------------
     0 | D:1      | 112233 the Octopode Venom Mage began the quest for the Orb.
     0 | D:1      | Reached XP level 1. HP: 11/11 MP: 3/3
   179 | D:1      | Reached XP level 2. HP: 17/17 MP: 0/5
   239 | D:1      | Reached skill level 4 in Poison Magic
   889 | D:1      | Learned a level 2 spell: Poisonous Vapours
   909 | D:1      | Reached XP level 3. HP: 20/21 MP: 1/6
  2200 | D:2      | Reached XP level 4. HP: 15/27 MP: 4/8
  2429 | D:3      | Found a glowing drain.
  2458 | Sewer    | Entered a sewer
  2479 | Sewer    | Reached skill level 5 in Poison Magic
  2601 | Sewer    | Noticed a kobold brigand
  2812 | Sewer    | Killed a kobold brigand
  2813 | Sewer    | Reached XP level 5. HP: 31/31 MP: 1/10
  3403 | Sewer    | Found a glowing silver altar of Zin.
  3592 | D:3      | Found Faedwi Sunt's Armour Shop.
  3904 | D:3      | Found Uqigeapn's Antique Armour Shoppe.
  4048 | D:3      | Found Uraemabi's Weapon Shoppe.
  4525 | D:3      | Found Ziureown's Distillery.
  4539 | D:3      | Learned a level 4 spell: Olgreb's Toxic Radiance
  4861 | D:4      | Reached skill level 6 in Poison Magic
  4870 | D:4      | Reached XP level 6. HP: 18/36 MP: 0/12
  5052 | D:4      | Found a transporter.
  5072 | D:4      | Noticed M4edhros's ghost (novice OpAr)
  5073 | D:4      | Found a transporter.
  5304 | D:4      | You fall into a shaft and drop 2 floors!
  5312 | D:6      | Found a staircase to the Ecumenical Temple.
  5326 | Temple   | Entered the Ecumenical Temple
  5543 | Temple   | Became a worshipper of Vehumet
  5600 | D:6      | Found a sand-covered staircase.
  5620 | Ossuary  | Entered an ossuary
  5620 | Ossuary  | Noticed a wraith
  5620 | Ossuary  | Noticed a wraith
  5620 | Ossuary  | Noticed a wraith
  6183 | D:5      | Entered Level 5 of the Dungeon
  6258 | D:5      | Reached skill level 1 in Fighting
  6259 | D:5      | Found a shimmering altar of Xom.
  6270 | D:5      | Reached XP level 7. HP: 19/43 MP: 1/14
  6447 | D:5      | Found a shadowy altar of Dithmenos.
  6447 | D:5      | Found a shimmering blue altar of Sif Muna.
  6448 | D:5      | Found a sacrificial altar of Ru.
  6650 | D:5      | Found a runed translucent door.
  6651 | D:5      | Noticed a vampire mosquito
  6652 | D:5      | Found a runed translucent door.
  6652 | D:5      | Noticed a vampire mosquito
  6652 | D:5      | Noticed a vampire mosquito
  6672 | D:5      | Reached skill level 7 in Poison Magic
  6774 | D:5      | Reached skill level 5 in Spellcasting
  6879 | D:6      | Identified the amulet of Giot {Reflect Str+3 Int+4 Dex-3
                  | SH+5 SInv}
  8335 | D:5      | Reached * piety under Vehumet
  8335 | D:5      | Offered knowledge of Magic Dart by Vehumet.
  8340 | D:5      | Learned a level 3 spell: Mephitic Cloud
  8378 | D:5      | Found a hazy altar of Hepliaklqana.
  8900 | D:5      | Reached XP level 8. HP: 51/51 MP: 15/16
  9160 | D:6      | Noticed a hornet
  9287 | D:6      | Killed a hornet
  9288 | D:6      | Reached skill level 8 in Poison Magic
  9335 | D:7      | Noticed a wyvern
  9341 | D:7      | Killed a wyvern
  9892 | D:7      | Noticed a vampire
  9902 | D:8      | Noticed a yak
  9902 | D:8      | Noticed a yak
  9902 | D:8      | Noticed a yak
  9902 | D:8      | Noticed a yak
  9911 | D:7      | Killed a yak
  9912 | D:7      | Reached skill level 5 in Dodging
  9912 | D:7      | Reached skill level 1 in Conjurations
  9912 | D:7      | Reached XP level 9. HP: 6/59 MP: 11/18
 10243 | D:6      | Splashed by a jelly's acid

Illustrated notes

Levels and vault maps discovered:
D:1:      lemuel_arrival_behind_the_door_large, layout_basic
D:2:      layout_basic, fountainhead
D:3:      layout_loops_corners, serial_shops, shop, shop, shop, shop_statue,
          cheibrodos_sewer_entry_drain
D:4:      minmay_spotlight, layout_rooms, gammafunk_ghost_mausoleum
D:5:      lemuel_insect_pit, layout_loops_corners,
          chequers_temple_overflow_statue_of_worship, kennysheep_mini_moat,
          water_maze_lemuel
D:6:      layout_basic, lemuel_crystal_altar, nzn_wu_jian_contemplation,
          temple_green, enter_ossuary_4, minmay_quadrilaterals
D:7:      kennysheep_windowed_halls, layout_rooms, gammafunk_ghost_hive
D:8:      layout_gridville, lemuel_mausoleum_altar_kikubaaqudgha,
          evilmike_ruin_ashenzari, mainiacjoe_overflow_surrounded_room,
          serial_shops, shop, nicolae_fountain_basement
Temple:   chequers_temple_sunken

Skill      XL: |  1  2  3  4  5  6  7  8 |
---------------+-------------------------+-----
Poison Magic   | 4 5 6 7 8 |  8.4
Spellcasting   | 3 4 5 6 |  6.4
Fighting       | 1 2 4 |  4.7
Dodging        | 3 5 |  5.2
Conjurations   | 1 |  1.7
Stealth        | |  2.6
Transmutations | |  1.0

Action                     |  1- 3 |  4- 6 |  7- 9 || total
---------------------------+-------+-------+-------++-------
  Melee: Unarmed           |    21 |    73 |    17 ||   111
         Tentacles         |     8 |    24 |     4 ||    36
         Constrict         |     6 |    16 |     1 ||    23
         Punch             |     1 |     5 |       ||     6
         Hand axe          |       |       |     2 ||     2
   Cast: Sting             |    68 |    66 |   121 ||   255
         Poisonous Vapours |     7 |    54 |    42 ||   103
         Olgreb's Toxic Ra |       |       |    12 ||    12
         Mephitic Cloud    |       |       |     1 ||     1
  Evoke: Wand              |       |     2 |     4 ||     6
    Use: Potion            |     2 |     4 |     2 ||     8
         Scroll            |       |       |     2 ||     2
   Stab: Paralysed         |       |     9 |     8 ||    17
         Sleeping          |       |     3 |       ||     3
 Armour: Skin              |       |     7 |     4 ||    11
  Dodge: Dodged            |    30 |    48 |    82 ||   160
  Block: Other             |       |       |    19 ||    19
         Reflection        |       |       |     2 ||     2

Table legend: (Time is in decaauts)
 A = Elapsed time spent in this place.
 B = Non-inter-level travel time spent in this place.
 C = Inter-level travel time spent in this place.
 D = Time resting spent in this place.
 E = Time spent auto-exploring this place.
 F = Levels seen in this place.
 G = Mean time per level.
                   A        B        C        D        E       F      G
               +--------+--------+--------+--------+--------+-----+--------+
         Total |  10225 |   9638 |    587 |   2076 |   6250 |  11 |  929.5 |
       Dungeon |   8485 |   7959 |    526 |   1069 |   5853 |   8 | 1060.6 |
        Temple |    243 |    182 |     61 |      0 |    176 |   1 |  243.0 |
         Sewer |    979 |    979 |      0 |    694 |    137 |   1 |  979.0 |
       Ossuary |    516 |    516 |      0 |    313 |     84 |   1 |  516.0 |
               +--------+--------+--------+--------+--------+-----+--------+

Top non-repeatable levels by time:
     D:3: 2189 daAuts
     D:5: 1872 daAuts
     D:1: 1344 daAuts
     D:2: 1119 daAuts
   Sewer: 979 daAuts
     D:7: 888 daAuts
     D:4: 788 daAuts
 Ossuary: 516 daAuts
     D:6: 280 daAuts
  Temple: 243 daAuts
     D:8: 1 daAuts
